AoeStats
← Amauta

Black Forest

509788321Analyzed
4v4 RM · 3d ago on Sep 28, 2026· 40m 6s· 8 players
Game mode
Random Map
Map size
Large (8 player)
Population
200
Speed
Normal
Resources
Standard
Victory
Conquest
Starting age
Dark Age
Ending age
Imperial Age
RankedLock teamsTeams togetherTeam positionsShared explorationLock speedFull tech treeHidden civsTurbo modeCheats
Victory
Defeat
🇦🇷 Magyars · Argentina
1486
+14
🇦🇷 Jurchens · Argentina
1461
+15
🇦🇷 Italians · Argentina
1437
+16
🇦🇷 Inca · Argentina
1331
+22
🇵🇪 Japanese · Peru
1523
-20
🇹🇼 Koreans · Taiwan
1488
-19
🇺🇸 Burmese · United States
1388
-14
🇬🇧 Saxons · United Kingdom
1372
-14
|MP| layc0ni
1:13 Loom
11:43 Feudal Age
15:27 Castle Age
13:19 Double-Bit Axe
13:50 Horse Collar
24:16 Wheelbarrow
23:53 Town Watch
24:45 Bow Saw
24:36 Heavy Plow
26:00 Hand Cart
25:51 Gold Mining
30:45 Imperial Age
28:12 Guard Tower
28:13 Fletching
28:23 Padded Archer Armor
29:55 Bodkin Arrow
30:15 Leather Archer Armor
30:21 Ballistics
29:46 Treadmill Crane
30:14 Siege Engineers
30:33 Fortified Bastions
32:14 Gold Shaft Mining
32:43 Keep
33:09 Chemistry
31:55 Arrowslits
34:39 Thunderclap Bombs
36:16 Thunderclap Bombs
36:27 Conscription
36:14 Caravan
36:49 Bracer
37:20 Ring Archer Armor
40:31 Fortified Wall
|MP| Callejé de Boedo
10:23 Feudal Age
14:17 Castle Age
12:47 Fletching
13:30 Padded Archer Armor
13:36 Double-Bit Axe
14:29 Crossbowman
15:29 Bow Saw
15:48 Loom
22:22 Bodkin Arrow
25:29 Elite Skirmisher
34:19 Imperial Age
32:35 Horse Collar
33:33 Ballistics
33:31 Padded Archer Armor
35:15 Bracer
34:53 Capped Ram
36:45 Leather Archer Armor
38:26 Chemistry
39:56 Ring Archer Armor
|MP| Equisd3
5:20 Loom
11:16 Feudal Age
16:25 Castle Age
14:56 Double-Bit Axe
14:54 Horse Collar
20:40 Heavy Plow
20:53 Bow Saw
24:14 Wheelbarrow
24:18 Gold Mining
28:58 Hand Cart
31:29 Imperial Age
29:03 Scale Mail Armor
30:10 Chain Mail Armor
29:57 Town Watch
30:02 Pikeman
30:42 Squires
30:29 Arson
31:30 Forging
32:48 Iron Casting
31:34 Halberdier
34:41 Blast Furnace
33:55 Caravan
35:10 Conscription
35:55 Fabric Shields
36:55 Plate Mail Armor
36:37 Fletching
38:07 Bodkin Arrow
40:16 Heavy Plow
40:34 Bracer
|MP| patrick
0:53 Loom
20:33 Feudal Age
22:00 Double-Bit Axe
24:30 Castle Age
23:51 Horse Collar
24:45 Bloodlines
24:49 Scale Barding Armor
25:32 Bow Saw
29:28 Wheelbarrow
30:10 Heavy Plow
32:15 Scale Barding Armor
35:11 Imperial Age
35:44 Chain Barding Armor
36:22 Husbandry
36:23 Gold Mining
37:15 Hand Cart
37:47 Plate Barding Armor
39:18 Cavalier
Amauta
9:45 Feudal Age
8:00 Loom
10:10 Horse Collar
16:21 Castle Age
15:14 Stone Mining
15:16 Gold Mining
15:17 Stone Mining
18:46 Heavy Plow
28:07 Imperial Age
26:57 Bloodlines
26:53 Scale Barding Armor
26:59 Forging
28:41 Chain Barding Armor
28:35 Husbandry
29:53 Iron Casting
29:42 Conscription
31:05 Wheelbarrow
31:57 Plate Barding Armor
32:49 Crop Rotation
32:38 Hand Cart
32:23 Elite Battle Elephant
Mercer
0:47 Loom
12:07 Feudal Age
15:58 Castle Age
14:04 Double-Bit Axe
14:05 Horse Collar
21:55 Bow Saw
26:14 Wheelbarrow
25:42 Heavy Plow
25:36 Gold Mining
26:59 Town Watch
30:27 Imperial Age
27:51 Stone Mining
28:57 Gold Shaft Mining
28:25 Scale Mail Armor
28:35 Forging
29:40 Chain Mail Armor
29:31 Gambesons
29:06 Man-at-Arms
29:47 Squires
29:30 Pikeman
29:56 Arson
30:54 Iron Casting
30:38 Long Swordsman
31:50 Plate Mail Armor
31:23 Two-Handed Swordsman
31:29 Shield Wall
32:30 Conscription
32:33 Champion
34:15 Capped Ram
37:15 Siege Ram
Marchantia
8:12 Loom
12:53 Feudal Age
16:54 Castle Age
15:55 Fletching
18:13 Double-Bit Axe
18:11 Horse Collar
26:11 Bow Saw
27:01 Wheelbarrow
33:59 Imperial Age
31:50 Bodkin Arrow
33:53 Stone Mining
36:26 Chemistry
35:46 Eupseong
36:05 Treadmill Crane
36:27 Bracer
Kaanan
1:34 Loom
27:00 Feudal Age
30:40 Castle Age
28:53 Double-Bit Axe
28:53 Horse Collar
31:56 Bow Saw
31:50 Heavy Plow
35:16 Fortified Wall
36:24 Wheelbarrow
36:55 Gold Mining
Connection lost

Rejoining the realm…

Still unreachable

The connection could not be restored.

Session expired

The server has moved on; the page needs a fresh start.